 Dungeon Crawl Stone Soup version 0.28-b1-25-g9875b3fc8c (webtiles) character file.

Game seed: 10715187993891012147

46006 LLlMATKO the Severer (level 14, -10/133 HPs)
             Began as a Minotaur Berserker on Feb 6, 2022.
             Was an Elder of Trog.
             Mangled by a freezing wraith (19 damage)
             ... on level 14 of the Dungeon.
             The game lasted 00:33:17 (21976 turns).

LLlMATKO the Severer (Minotaur Berserker)          Turns: 21976, Time: 00:33:19

Health: -10/133    AC: 27    Str: 24    XL:     14   Next: 3%
Magic:  13/13      EV: 13    Int:  4    God:    Trog [****..]
Gold:   1020       SH:  0    Dex: 23    Spells: 13/13 levels left

rFire   + + .      SeeInvis .   M - +2 war axe (flame)
rCold   . . .      Faith    .   (no shield)
rNeg    . . .      Spirit   .   X - +3 plate armour {rF+}
rPois   +          Reflect  .   z - +1 hat of Defence {rPois Dex+4}
rElec   .          Harm     .   I - +0 cloak {rPois}
rCorr   .          Rampage  .   U - +1 pair of gloves
Will    +++..                   x - +1 pair of boots
Stlth   ..........              (no amulet)
HPRegen 1.00/turn               h - ring of protection from cold
MPRegen 0.13/turn               q - ring "Jued" {Fire Dex+6}

@: strong-willed (expiring), on berserk cooldown, sick, regenerating (expiring),
slowed, studying Polearms, unable to read, very slow
A: horns 2, retaliatory headbutt, inability to read while threatened
a: Renounce Religion, Berserk, Trog's Hand, Brothers in Arms


You were on level 14 of the Dungeon.
You worshipped Trog.
Trog was greatly pleased with you.
You visited 1 branch of the dungeon, and saw 14 of its levels.
You visited the Abyss 2 times.
You also visited: Sewer, Gauntlet and Ice Cave.

You collected 1020 gold pieces.

Inventory:

Hand Weapons
 M - a +2 war axe of flaming (weapon)
Missiles
 o - a curare-tipped dart (quivered)
 p - 113 bolts
 s - 25 poisoned darts
 K - 5 datura-tipped darts
 N - 3 silver javelins
 S - 4 atropa-tipped darts
Armour
 x - a +1 pair of boots (worn)
 z - the +1 hat of Defence (worn) {rPois Dex+4}
   (You found it in a Gauntlet)

   Dex:       It affects your dexterity (+4).
   rPois:     It protects you from poison.
 I - a +0 cloak of poison resistance (worn)
 U - a +1 pair of gloves (worn)
 X - a +3 plate armour of fire resistance (worn)
Jewellery
 h - a ring of protection from cold (left hand)
 m - a +6 ring of strength
 q - the ring "Jued" (right hand) {Fire Dex+6}
   (You found it in a Gauntlet)

   [ring of fire]

   It enhances your fire magic.
   Dex:       It affects your dexterity (+6).
   rF:        It protects you from fire.
   rC:        It makes you vulnerable to cold.
 D - the ring "Jefrasof" {Wiz +Blink rElec rCorr}
   (You took it off a minotaur in a Gauntlet)

   [ring of wizardry]

   It improves your spell success rate.
   rElec:     It insulates you from electricity.
   +Blink:    It lets you blink.
   rCorr:     It protects you from acid and corrosion.
 V - a +6 ring of strength
 Y - a +6 ring of dexterity
Wands
 d - a wand of acid (6)
 k - a wand of digging (20)
 n - a wand of polymorph (4)
 v - a wand of iceblast (23)
 y - a wand of flame (11)
 H - a wand of charming (14)
 O - a wand of paralysis (8)
Scrolls
 a - 9 scrolls of teleportation
 b - a scroll of magic mapping
 f - a scroll of holy word
 j - 5 scrolls of immolation
 l - 2 scrolls of torment
 F - 3 scrolls of identify
 G - 2 scrolls of fear
 J - 4 scrolls of enchant armour
 L - 4 scrolls of fog
 T - 2 scrolls of blinking
 W - a scroll of enchant weapon
Potions
 c - a potion of brilliance {unknown}
 e - 9 potions of curing
 g - a potion of invisibility {unknown}
 i - 4 potions of cancellation
 r - 5 potions of haste
 t - a potion of resistance {unknown}
 u - a potion of might {unknown}
 w - 3 potions of heal wounds
 A - 2 potions of mutation {unknown}
 B - a potion of flight {unknown}
 C - 2 potions of lignification
 E - 2 potions of ambrosia {unknown}
 Q - a potion of berserk rage {unknown}
Miscellaneous
 P - a phial of floods
 R - a lightning rod (4/4)


   Skills:
 + Level 14.5 Fighting
 + Level 18.2 Axes
 - Level 2.5 Throwing
 + Level 14.8 Armour
 + Level 9.4 Dodging
 - Level 3.0 Stealth


You had 13 spell levels left.
You didn't know any spells.
Your spell library was empty.

Dungeon Overview and Level Annotations

Branches:
Dungeon (14/15)            Temple (0/1) D:4            Lair (0/6) D:8
    Orc (0/2) D:12          Sewer (visited)           IceCv (visited)
Gauntlet (visited)
 Vaults: D:13-14

Altars:
Gozag
Nemelex Xobeh
Okawaru
Ru
Sif Muna
Trog
Uskayaw
Yredelemnul
Zin

Shops:
D:7 *


Innate Abilities, Weirdness & Mutations

You have a pair of horns on your head.
You reflexively headbutt those who attack you in melee.
You sometimes lose the ability to read scrolls when taking damage.


Message History

You hit the necromancer. You burn the necromancer.
The necromancer is lightly wounded.
You hit the freezing wraith. You burn the freezing wraith. You miss the human.
The freezing wraith barely misses you. You furiously retaliate!
You headbutt the freezing wraith, but do no damage.
The freezing wraith hits you.
* * * LOW HITPOINT WARNING * * *
The freezing wraith drains your vigour!
You feel as though you will be slow longer.
The human barely misses you.
A human comes into view.
A necromancer comes into view. It is wielding a +0 dagger.
You slash the necromancer! You burn the necromancer.
The necromancer is heavily wounded.
You closely miss the freezing wraith. You hit the human. You burn the human.
You kill the human!
Trog accepts your kill.
A freezing mist starts to gather...
A human simulacrum comes into view.
The freezing wraith hits you but does no damage. x2
The necromancer hits you but does no damage.
A wizard simulacrum comes into view.
The necromancer mumbles some strange words.
The necromancer binds the souls of nearby monsters.
You hear a shout!
A necromancer comes into view. It is wielding a +0 dagger.
You slash the necromancer! You burn the necromancer.
The necromancer is almost dead.
You closely miss the freezing wraith. You slash the human simulacrum!
You melt the human simulacrum.
You barely miss the orc warrior.
The freezing wraith hits you but does no damage.
The freezing wraith barely misses you.
The necromancer gestures wildly while chanting.
The necromancer binds the souls of nearby monsters.
The orc warrior misses you.
The necromancer hits you but does no damage.
The freezing wraith hits you.
* * * LOW HITPOINT WARNING * * *
The freezing wraith freezes you!!
You die...

#.# ###### #.##
########## # #...
....^....# #
#..#############.# #
#..#...).# #.# #
#..'....[# #.# #
#..'..⌠..# #.# #
#..WZ....# #.####
##.#@o...# #.....
#.##pp'###+++##.####
#.#.....#.p...#.###.
#.#.....p.p...#.##>.
#.#..⌠..'..⌠..#.###.
#)#.....'....$#.# ##
#.#[....#...$(#.# #
#.#############.# #
#...............# ##


You could see a vault guard (soul bound), a freezing wraith, 3 necromancers, an
orc warrior (soul bound) and a human simulacrum.

Vanquished Creatures
  A tentacled starspawn (Abyss:3)
  A reaper (IceCv)
  A minotaur (Gauntlet)
  A rakshasa (Abyss:3)
  A great orb of eyes (Abyss:2)
  2 boulder beetles
  A hydra (D:12)
  A catoblepas (D:8)
  4 centaur warriors
  6 two-headed ogres
  5 hell hogs
  A wretched star (Abyss:3)
  2 glowing orange brains (Gauntlet)
  8 skeletal warriors
  2 deep elf pyromancers (D:13)
  A bunyip skeleton (Abyss:2)
  A wizard (D:14)
  A wolf spider (D:12)
  3 ugly things
  2 cyclopes
  A manticore (D:13)
  A centaur zombie (D:11)
  2 apocalypse crabs
  The ghost of LLlMATKO the Chopper, a novice MiBe of Trog (D:4)
  2 gargoyles (D:12)
  An orange demon (Abyss:2)
  Maurice (D:8)
  2 ice statues (IceCv)
  An unseen horror (D:12)
  2 kobold demonologists
  A komodo dragon (D:8)
  A tormentor (Abyss:2)
  A bunyip simulacrum (Abyss:2)
  A hellwing (Abyss:2)
  An efreet (D:8)
  4 ancient zymes
  7 ice devils
  3 entropy weaver simulacra (IceCv)
  An anaconda simulacrum (IceCv)
  3 trolls
  3 meliai (D:13)
  6 slime creatures
  A hornet (D:8)
  16 raiju
  A tarantella (shapeshifter) (D:13)
  Sigmund (D:3)
  2 wyverns
  A culicivora (shapeshifter) (D:12)
  3 wraiths
  31 yaks
  A ynoxinul (Gauntlet)
  4 flying skulls (Gauntlet)
  4 dire elephant simulacra (IceCv)
  A human (shapeshifter) (D:12)
  8 small abominations
  A neqoxec (Abyss:3)
  15 humans (D:14)
  12 vampire mosquitoes
  3 large abominations
  2 harpy simulacra (IceCv)
  2 wargs (D:12)
  A hydra simulacrum (Abyss:3)
  3 water moccasins
  Duvessa (D:5)
  3 ice beasts
  7 orc warriors
  Pargi (Sewer)
  2 black bears
  A sky beast (D:3)
  16 centaurs
  A necrophage (D:7)
  An ogre (D:6)
  2 kobold brigands (D:10)
  7 bullfrogs
  6 scorpions
  A gnoll sergeant (D:8)
  Dowan (D:5)
  5 wights
  5 howler monkeys
  A bullfrog zombie (D:5)
  A quasit (Abyss:3)
  A gnoll shaman (D:8)
  5 orc priests
  4 hounds
  A jelly (D:5)
  A centaur skeleton (D:7)
  3 iron imps (Gauntlet)
  4 iguanas
  Ijyb (D:5)
  13 orc wizards
  A polar bear simulacrum (IceCv)
  A troll simulacrum (IceCv)
  A wolf simulacrum (IceCv)
  2 killer bee zombies
  A hound zombie (D:5)
  A mummy (D:4)
  2 howler monkey zombies
  8 gnolls (D:8)
  13 adders
  A naga simulacrum (IceCv)
  6 shadow imps
  2 white imps
  An ufetubus (D:5)
  4 worms
  The ghost of sanka the Sneak, a weakling HODe (D:5)
  27 orcs
  9 endoplasms
  2 giant cockroaches
  7 goblins
  13 hobgoblins
  4 jackals
  18 kobolds
  4 quokkas
  5 ball pythons
  5 bats
  5 frilled lizards
  A hobgoblin zombie (D:4)
  A kobold zombie (D:4)
  2 orc zombies (D:4)
  6 rats
453 creatures vanquished.

Vanquished Creatures (collateral kills)
  The ghost of Nattefrost the Grappler, a journeyman VSBe of Trog (D:12)
  A two-headed ogre (D:12)
  An orc knight (D:12)
  A moth of wrath (D:12)
4 creatures vanquished.

Vanquished Creatures (others)
  A large abomination (Abyss:3)
  An orc wizard (D:7)
  A goblin (D:3)
  20 demonic plants (Gauntlet)
  50 fungi (D:8)
  48 plants
  6 starspawn tentacles (Abyss:3)
  3 withered plants (D:3)
130 creatures vanquished.

Grand Total: 587 creatures vanquished

Notes
Turn   | Place    | Note
-------+----------+-------------------------------------------
     0 | D:1      | LLlMATKO the Minotaur Berserker began the quest for the
                  | Orb.
     0 | D:1      | Reached XP level 1. HP: 19/19 MP: 0/0
   181 | D:1      | Reached XP level 2. HP: 25/27 MP: 1/1
   377 | D:1      | Reached skill level 4 in Axes
   815 | D:2      | Reached XP level 3. HP: 28/34 MP: 2/2
  1197 | D:2      | Reached ** piety under Trog
  1769 | D:2      | Reached XP level 4. HP: 41/41 MP: 3/3
  1943 | D:3      | Found a transporter.
  1943 | D:3      | Noticed Sigmund
  1957 | D:3      | Killed Sigmund
  1958 | D:3      | Reached skill level 5 in Fighting
  1958 | D:3      | Reached skill level 6 in Axes
  1958 | D:3      | Reached XP level 5. HP: 15/48 MP: 4/4
  2202 | D:3      | Found a transporter.
  2238 | D:3      | Noticed a sky beast
  2251 | D:3      | Killed a sky beast
  2252 | D:3      | Reached skill level 1 in Stealth
  2252 | D:3      | Reached XP level 6. HP: 34/56 MP: 5/5
  2578 | D:3      | Found a faded altar of an unknown god.
  3158 | D:3      | Found a bloodstained altar of Trog.
  3603 | D:4      | Reached skill level 7 in Axes
  3855 | D:4      | Reached *** piety under Trog
  3902 | D:4      | Reached skill level 1 in Throwing
  3902 | D:4      | Reached XP level 7. HP: 47/63 MP: 6/6
  4082 | D:4      | Found a staircase to the Ecumenical Temple.
  4308 | D:4      | Found a runed translucent gate.
  4316 | D:4      | Found a runed translucent gate.
  4316 | D:4      | Found a runed translucent gate.
  4343 | D:4      | Noticed LLlMATKO's ghost (novice MiBe)
  4359 | D:4      | Killed LLlMATKO's ghost
  4360 | D:4      | Reached skill level 8 in Axes
  4555 | D:5      | Entered Level 5 of the Dungeon
  4740 | D:5      | Found an opulent altar of Gozag.
  4740 | D:5      | Noticed Duvessa
  4740 | D:5      | Noticed Dowan
  4752 | D:5      | Killed Duvessa
  4753 | D:5      | Reached XP level 8. HP: 71/71 MP: 7/7
  4755 | D:5      | Killed Dowan
  4906 | D:5      | Reached skill level 9 in Axes
  5004 | D:5      | Found a runed translucent gate.
  5004 | D:5      | Found a runed translucent gate.
  5004 | D:5      | Found a runed translucent gate.
  5004 | D:5      | Noticed sanka's ghost (weakling HODe)
  5006 | D:5      | Found a basalt altar of Yredelemnul.
  5006 | D:5      | Noticed Ijyb
  5012 | D:5      | Killed Ijyb
  5096 | D:5      | Found a glowing drain.
  5129 | Sewer    | Entered a sewer
  5336 | Sewer    | Noticed Pargi
  5344 | Sewer    | Killed Pargi
  5645 | D:5      | Reached skill level 5 in Armour
  6230 | D:5      | Killed sanka's ghost
  6315 | D:6      | Found an iron altar of Okawaru.
  6457 | D:6      | Reached skill level 5 in Dodging
  6520 | D:6      | You fall into a shaft and drop 2 floors!
  6529 | D:8      | Reached skill level 10 in Axes
  6529 | D:8      | Reached XP level 9. HP: 73/81 MP: 8/8
  6623 | D:8      | HP: 5/121 [gnoll sergeant (2)]
  7094 | D:8      | Noticed a centaur warrior
  7094 | D:8      | Noticed an efreet
  7094 | D:8      | Noticed a catoblepas
  7095 | D:8      | Noticed a troll
  7112 | D:8      | Killed a centaur warrior
  7113 | D:8      | Reached skill level 11 in Axes
  7126 | D:8      | Killed a catoblepas
  7127 | D:8      | Reached XP level 10. HP: 43/91 MP: 9/9
  7622 | D:8      | Reached skill level 12 in Axes
  7634 | D:8      | Reached **** piety under Trog
  7758 | D:8      | Found a staircase to the Lair.
  7870 | D:8      | Noticed Maurice
  7879 | D:8      | Killed Maurice
  8356 | D:8      | Reached skill level 10 in Fighting
  8856 | D:8      | Found a staircase to the Lair.
  9583 | D:7      | Reached skill level 13 in Axes
  9913 | D:6      | Found a hide-covered altar of Uskayaw.
 10171 | D:7      | Reached XP level 11. HP: 81/101 MP: 10/10
 10456 | D:7      | Found Mexunuthy's Assorted Antiques.
 10750 | D:9      | Found a shimmering blue altar of Sif Muna.
 10842 | D:9      | Reached skill level 10 in Armour
 10863 | D:9      | Noticed a two-headed ogre
 10870 | D:9      | Killed a two-headed ogre
 11165 | D:9      | Noticed a two-headed ogre
 11170 | D:9      | Killed a two-headed ogre
 11171 | D:9      | Reached skill level 14 in Axes
 11384 | D:9      | Found a sparkling altar of Nemelex Xobeh.
 12071 | D:10     | Entered Level 10 of the Dungeon
 12071 | D:10     | Found a sacrificial altar of Ru.
 12192 | D:10     | Found a glowing silver altar of Zin.
 12295 | D:10     | Reached ***** piety under Trog
 13208 | D:11     | Found a frozen archway.
 13209 | D:11     | Noticed a two-headed ogre
 13213 | D:11     | Killed a two-headed ogre
 13214 | D:11     | Reached skill level 15 in Axes
 13218 | D:11     | Identified the +9 flail "Impbane" {freeze, rElec Will+
                  | Int+3}
 13225 | IceCv    | Entered an ice cave
 13496 | IceCv    | Reached XP level 12. HP: 112/112 MP: 11/11
 14233 | IceCv    | Reached skill level 16 in Axes
 14339 | IceCv    | Noticed a reaper
 14345 | IceCv    | Killed a reaper
 15047 | D:12     | Received a gift from Trog
 15178 | D:12     | Noticed a seven-headed hydra
 15183 | D:12     | Killed a five-headed hydra
 15301 | D:12     | Noticed a two-headed ogre
 15306 | D:12     | Killed a two-headed ogre
 15902 | D:12     | Found a transporter.
 15904 | D:12     | Found a transporter.
 15909 | D:12     | Found a bloodstained altar of Trog.
 15917 | D:12     | Noticed a two-headed ogre
 15918 | D:12     | Noticed a two-headed ogre
 15918 | D:12     | Noticed Nattefrost's ghost (journeyman VSBe)
 15933 | D:12     | Noticed a two-headed ogre
 16036 | D:12     | Reached skill level 17 in Axes
 16171 | D:12     | Identified the +0 robe of Negligence {Slay+2}
 16244 | D:12     | Found a staircase to the Orcish Mines.
 16271 | D:12     | Reached XP level 13. HP: 103/122 MP: 12/12
 17327 | D:3      | Identified a scroll of acquirement
 17327 | D:3      | Acquired a manual of Polearms
 17512 | D:12     | Killed Nattefrost's ghost
 18759 | D:14     | Found a gate leading to a gauntlet.
 18769 | Gauntlet | Entered a Gauntlet
 18769 | Gauntlet | Found a transporter.
 18779 | Gauntlet | Found a transporter.
 18794 | Gauntlet | Found a transporter.
 18799 | Gauntlet | Found a transporter.
 18814 | Gauntlet | Found a transporter.
 18833 | Gauntlet | Found a transporter.
 18845 | Gauntlet | Found a transporter.
 18867 | Gauntlet | Found a transporter.
 18876 | Gauntlet | Found a transporter.
 18888 | Gauntlet | Found a transporter.
 18905 | Gauntlet | Found a transporter.
 18923 | Gauntlet | Found a transporter.
 18925 | Gauntlet | Found a transporter.
 18950 | Gauntlet | Found a transporter.
 18952 | Gauntlet | Found a transporter.
 18972 | Gauntlet | Found a transporter.
 19062 | Gauntlet | Found a transporter.
 19082 | Gauntlet | Found a transporter.
 19204 | Gauntlet | Identified the ring "Jued" {Fire Dex+6}
 19352 | Gauntlet | Identified the +1 hat of Defence {rPois Dex+4}
 19409 | Gauntlet | Identified the ring "Jefrasof" {Wiz +Blink rElec rCorr}
 19409 | Gauntlet | Noticed a minotaur
 19416 | Gauntlet | Killed a minotaur
 19678 | D:14     | Reached skill level 18 in Axes
 20633 | D:14     | Cast into level 2 of the Abyss (a wizard)
 20783 | Abyss:2  | Noticed a tentacled starspawn
 20967 | Abyss:2  | Paralysed by a great orb of eyes for 7 turns
 20979 | Abyss:2  | Paralysed by a great orb of eyes for 2 turns
 21092 | D:14     | Escaped the Abyss
 21094 | D:14     | Reached XP level 14. HP: 27/133 MP: 13/13
 21452 | D:14     | Cast into level 3 of the Abyss (a wizard)
 21480 | Abyss:3  | Noticed a tentacled starspawn
 21495 | Abyss:3  | Killed a tentacled starspawn
 21909 | Abyss:3  | Gained mutation: You sometimes lose the ability to read
                  | scrolls when taking damage. [a neqoxec]
 21971 | D:14     | Escaped the Abyss
 21976 | D:14     | Mangled by a freezing wraith

Illustrated notes

Levels and vault maps discovered:
D:1:      dpeg_arrival_simpleton_b, layout_rooms, minmay_pentomino_q4
D:2:      layout_loops_ring
D:3:      gammafunk_wand_slinger, layout_loops_cross, trog_hazing_becter,
          ebering_ecumenical_altar_petrified, hangedman_decor_riveting,
          uniq_sigmund
D:4:      layout_loops_ring, minmay_temple_entry_antechambers,
          ebering_ghost_rock_garden, minmay_mini_ossuary
D:5:      layout_rooms, lemuel_tele_altar, nicolae_yredelemnul_ghost_church,
          gup_sewer_entry_bubbles, minmay_between, uniq_ijyb, uniq_duvessa
D:6:      layout_gridville, nicolae_uskayaw_dance_hall,
          mainiacjoe_overflow_cross_hatched
D:7:      layout_rooms, nicolae_stop_n_shop_1
D:8:      nzn_winding_woodlands_three_and_one
          [nzn_winding_woodlands_5x15_parted, nzn_winding_woodlands_5x15_eye,
          nzn_winding_woodlands_5x15_sidewinder,
          nzn_winding_woodlands_center_triple_pond], layout_loops_ring,
          due_lair_maze_entry_diamond, enter_bailey_8,
          minmay_misc_feat_secret_circle, chequers_jeans, uniq_maurice
D:9:      layout_basic, nicolae_overflow_crystal_walls,
          nicolae_sif_muna_condensation, st_stairs_6, grunt_ministairs_3
D:10:     layout_roguey, overflow_temple_1_default, old_standard_altar,
          serial_rivers, chequers_serial_rivers_micro_b,
          chequers_serial_rivers_small_b, chequers_serial_rivers_small_3,
          chequers_serial_rivers_micro_e
D:11:     layout_roguey, portal_ice_cave_entry_pillars_1
D:12:     layout_roguey, david_orc_1_choice, gammafunk_ghost_wrathful_warriors,
          kb_rosetta
D:13:     layout_rooms, kennysheep_cross_bottleneck
D:14:     layout_loops_corners, grunt_vaults_entry_tiered,
          gauntlet_entry_generic

Skill      XL: |  1  2  3  4  5  6  7  8  9 10 11 12 13 |
---------------+----------------------------------------+-----
Fighting       | 4 5 6 7 9 10 11 13 14 | 14.5
Axes           | 4 6 7 8 10 11 13 15 17 18 | 18.2
Dodging        | 3 4 5 7 9 |  9.4
Stealth        | 1 3 |  3.0
Throwing       | 1 2 |  2.5
Armour         | 3 5 8 9 11 13 14 | 14.8

Action                   |  1- 3 |  4- 6 |  7- 9 | 10-12 | 13-15 || total
-------------------------+-------+-------+-------+-------+-------++-------
Melee: Hand axe          |    98 |    31 |       |       |       ||   129
       Headbutt          |    14 |    10 |    33 |   109 |   123 ||   289
       War axe           |       |    62 |   175 |   475 |   458 ||  1170
       Punch             |       |       |     2 |    10 |    11 ||    23
       Trident           |       |       |       |       |     9 ||     9
Throw: Dart              |       |     7 |     3 |     2 |    11 ||    23
Invok: Berserk           |       |     3 |    10 |     9 |    10 ||    32
       Trog's Hand       |       |       |     2 |       |    10 ||    12
       Brothers in Arms  |       |       |       |       |     1 ||     1
  Use: Scroll            |       |       |    11 |     5 |     8 ||    24
 Stab: Sleeping          |     1 |       |       |       |       ||     1
       Petrified         |       |       |     1 |     2 |       ||     3
       Distracted        |       |       |       |     1 |     1 ||     2
Armor: Animal skin       |    15 |    21 |       |       |       ||    36
       Ring mail         |       |       |    30 |       |       ||    30
       Chain mail        |       |       |     2 |       |       ||     2
       Plate armour      |       |       |    32 |   242 |   242 ||   516
Dodge: Dodged            |    49 |    66 |    91 |   171 |   234 ||   611
